 Dungeon Crawl Stone Soup version 0.24-a0-179-g7a2c91a (console) character file.

Game seed: 17568761848147004515

875 Duffy the Firebug (level 8, -4/50 HPs)
             Began as an Octopode Fire Elementalist on Mar 13, 2019.
             Was an Initiate of Sif Muna.
             Slain by a killer bee (9 damage)
             ... in the Ecumenical Temple.
             The game lasted 00:06:42 (6496 turns).

Duffy the Firebug (Octopode Fire Elementalist)      Turns: 6496, Time: 00:06:42

Health: -4/50      AC:  1    Str:  7    XL:     8   Next: 4%
Magic:  6/14       EV: 14    Int: 20    God:    Sif Muna [......]
Gold:   57         SH:  2    Dex: 12    Spells: 2/15 levels left

rFire    + . .     SeeInvis .   g - +1 whip (venom)
rCold    x . .     Gourm    .   (no shield)
rNeg     . . .     Faith    .   (helmet restricted)
rPois    .         Spirit   .   k - +2 amulet of reflection (curse)
rElec    .         Reflect  +   d - ring of fire
rCorr    .         Harm     .   (no ring)
MR       .....                  (no ring)
Stlth    +++.......             (no ring)
HPRegen  0.16/turn              (no ring)
MPRegen  0.14/turn              (no ring)
                                (no ring)
                                (no ring)

@: lethally poisoned (-4 -> -21)
A: almost no armour, stealthy swim, amphibious, 8 rings, constrict 8, camouflage
1, gelatinous body 1
a: Renounce Religion


You were in the Ecumenical Temple.
You worshipped Sif Muna.
Sif Muna was noncommittal.
You were near starving.

You visited 2 branches of the dungeon, and saw 8 of its levels.

You collected 237 gold pieces.
You spent 180 gold pieces at shops.

Inventory:

Hand Weapons
 c - a +2 quarterstaff of chaos
 g - a +1 whip of venom (weapon)
Armour
 t - a +0 shield
Jewellery
 d - a ring of fire (left tentacle)
 k - a cursed +2 amulet of reflection (around mantle)
Wands
 o - a wand of acid (5)
 p - a wand of iceblast (8)
 r - a wand of paralysis (9)
 u - a wand of flame (11)
Scrolls
 a - a scroll of fog
 f - 3 scrolls of remove curse {unknown}
 h - a scroll of noise {unknown}
 i - 4 scrolls of teleportation {unknown}
 v - a scroll of immolation {unknown}
Potions
 e - a potion of flight
 j - a potion of invisibility
 l - a potion of haste {unknown}
 m - a potion of brilliance {unknown}
 n - a potion of heal wounds {unknown}
 q - 2 potions of curing
 s - a potion of resistance {unknown}
Comestibles
 b - 8 rations


   Skills:
 + Level 2.2 Fighting
 + Level 3.1 Dodging
 - Level 2.6 Stealth
 - Level 4.1 Spellcasting
 - Level 5.0 Conjurations
 - Level 5.0 Fire Magic
 + Level 2.4 Evocations


You had 2 spell levels left.
You knew the following spells:

 Your Spells              Type           Power        Failure   Level  Hunger
h - Flame Tongue          Conj/Fire      #####        1%          1    None
j - Sticky Flame          Conj/Fire      #####...     16%         4    ####...
k - Fireball              Conj/Fire      #####.....   41%         5    ######.
l - Conjure Flame         Conj/Fire      #####...     4%          3    ###....

Your spell library contained the following spells:

 Spells                   Type           Power        Failure   Level  Hunger
 Throw Flame              Conj/Fire      #####.       2%          2    #......
 Inner Flame              Hex/Fire       ###.....     14%         3    ###....


Dungeon Overview and Level Annotations

Branches:
Dungeon (8/15)             Temple (1/1) D:7
   Lair: D:8-11

Altars:
Ashenzari
Dithmenos
Fedhas
Gozag
Kikubaaqudgha
Makhleb
Ru
Sif Muna
Uskayaw
Vehumet
Wu Jian
Xom
Yredelemnul

Shops:
D:4 *   D:5 (


Innate Abilities, Weirdness & Mutations

You cannot wear most types of armour.
You are very stealthy in the water. (Stealth+)
You are amphibious.
You can wear up to eight rings at the same time.
You can use your tentacles to constrict eight enemies at once.
Your skin changes colour to match your surroundings (Stealth+).
Your rubbery body absorbs attacks. (AC +1, EV +1)


Message History

There is a staircase to the Ecumenical Temple here.
You feel sick. The killer bee stings you.
You are more poisoned.
The killer bee poisons you! The killer bee closely misses you.
The killer bee stings you!
You are lethally poisoned!
The killer bee poisons you! The killer bee stings you!
You climb downwards.
Welcome back to the Ecumenical Temple!
Reactivating autopickup.
You feel very sick.
There is a staircase back to the Dungeon here.
Cast which spell? (? or * to list)
Aiming: Sticky Flame (slightly dangerous; 16% risk of failure)
Press: ? - help, Shift-Dir - straight line, f - killer bee
Aim: a killer bee You feel a surge of power!
The sticky flame hits the killer bee.
The killer bee is moderately wounded.
The killer bee is covered in liquid flames!
You are near starving!
You feel sick.
The killer bee burns!
The killer bee stings you!
You die...

######## ######### ########
.......### ###.......### ###.......
._..._...###...}...}...###..._..._.
..........#.............#..........
.........###.....y.....###.........
..._.............@............._...
.........###......y....###.........
..........#.............#..........
._..._...###...}...}...###..._..._.
.......### ###.......### ###.......
######## ######### ########


You could see 2 killer bees.

Vanquished Creatures
  Eustachio (D:3)
  A necrophage (D:8)
  A crimson imp (D:5)
  A bullfrog zombie (D:7)
  A centaur zombie (D:7)
  A hound (D:8)
  An orc priest (D:7)
  Crazy Yiuf (D:3)
  A gnoll shaman (D:3)
  A jelly (D:5)
  An orc wizard (D:4)
  Ijyb (D:4)
  Natasha (thrice) (D:3)
  2 worker ants
  A worker ant zombie (D:5)
  7 adders
  4 gnolls
  An adder skeleton (D:4)
  A worm (D:3)
  4 dart slugs
  5 leopard geckos
  15 orcs
  2 giant cockroaches (D:1)
  9 goblins
  7 hobgoblins
  2 jackals (D:5)
  9 kobolds
  A quokka (D:3)
  8 bats
  5 frilled lizards
  A quokka skeleton (D:4)
  8 rats
107 creatures vanquished.

Notes
Turn   | Place    | Note
-------+----------+-------------------------------------------
     0 | D:1      | Duffy the Octopode Fire Elementalist began the quest for
                  | the Orb.
     0 | D:1      | Reached XP level 1. HP: 11/11 MP: 3/3
   240 | D:1      | Reached XP level 2. HP: 15/17 MP: 0/5
  1007 | D:1      | Reached XP level 3. HP: 21/21 MP: 3/6
  1012 | D:1      | Learned a level 3 spell: Conjure Flame
  1936 | D:2      | Reached XP level 4. HP: 26/27 MP: 7/7
  2906 | D:3      | Found a shattered altar of Ashenzari.
  2907 | D:3      | Found an ancient bone altar of Kikubaaqudgha.
  3180 | D:3      | Reached XP level 5. HP: 19/31 MP: 9/9
  3370 | D:3      | Learned a level 4 spell: Sticky Flame
  3703 | D:3      | Noticed Natasha
  3707 | D:3      | Killed Natasha
  3800 | D:3      | Noticed Natasha
  3805 | D:3      | Killed Natasha
  3900 | D:3      | Found a runed translucent door.
  3901 | D:3      | Noticed Crazy Yiuf
  3908 | D:3      | Killed Crazy Yiuf
  3908 | D:3      | Reached XP level 6. HP: 36/36 MP: 3/10
  4340 | D:3      | Noticed Natasha
  4346 | D:3      | Killed Natasha
  4507 | D:4      | Noticed Eustachio
  4590 | D:3      | Killed Eustachio
  4667 | D:4      | Found Poxodoor's General Store.
  4689 | D:3      | Reached XP level 7. HP: 22/41 MP: 2/12
  4974 | D:4      | Bought a wand of iceblast (11) for 150 gold pieces
  4974 | D:4      | Bought a potion of curing for 30 gold pieces
  5190 | D:4      | Found a shadowy altar of Dithmenos.
  5221 | D:4      | Noticed Ijyb
  5224 | D:4      | Paralysed by Ijyb for 2 turns
  5231 | D:4      | Killed Ijyb
  5315 | D:4      | Reached skill level 5 in Conjurations
  5315 | D:4      | Reached skill level 5 in Fire Magic
  5438 | D:4      | Learned a level 5 spell: Fireball
  5629 | D:5      | Entered Level 5 of the Dungeon
  5631 | D:5      | Found Idutuh's Antique Weapon Shoppe.
  5974 | D:5      | Reached skill level 1 in Fighting
  5974 | D:5      | Reached skill level 1 in Evocations
  6082 | D:5      | You fall through a shaft for 3 floors!
  6340 | D:7      | Found a staircase to the Ecumenical Temple.
  6347 | Temple   | Entered the Ecumenical Temple
  6409 | Temple   | Became a worshipper of Sif Muna the Loreminder
  6429 | D:7      | Reached XP level 8. HP: 44/50 MP: 10/14
  6476 | D:7      | Noticed a hippogriff
  6496 | Temple   | Slain by a killer bee

Levels and vault maps discovered:
D:1:      giann_forest_graveyard, layout_basic
D:2:      layout_basic
D:3:      layout_basic, minitemple, minmay_between, uniq_natasha,
          uniq_crazy_yiuf_cottage
D:4:      layout_cave_pools, nicolae_dithmenos_the_darkroom, serial_glass,
          glass_columns_b, glass_columns_c, serial_shops, shop, uniq_eustachio,
          uniq_ijyb
D:5:      layout_cave_pools, okawaru_gym_becter, first_ration, serial_shops,
          shop, chequers_serial_rivers_micro_c, kennysheep_doodads
D:7:      layout_basic, grunt_qazlal_clouds, overflow_temple_1_default,
          overflow_temple_1_default, minmay_temple_entry_gardened_gates,
          gammafunk_ghost_wrathful_warriors
D:8:      layout_gridville, good_gods_temple_1, serial_shops,
          kennysheep_little_box
Temple:   zaba_magenta_temple

Skill      XL: |  1  2  3  4  5  6  7 |
---------------+----------------------+-----
Conjurations   | 2 3 4 5 |  5.0
Spellcasting   | 3 4 |  4.1
Fire Magic     | 4 5 |  5.0
Fighting       | 2 |  2.2
Evocations     | 2 |  2.4
Dodging        | 3 |  3.1
Stealth        | |  2.6

Action                   |  1- 3 |  4- 6 |  7- 9 || total
-------------------------+-------+-------+-------++-------
Melee: Whip              |    21 |    63 |    40 ||   124
       Constrict         |     9 |    20 |    13 ||    42
       Tentacles         |     3 |     6 |     8 ||    17
 Cast: Flame Tongue      |    45 |    39 |    46 ||   130
       Conjure Flame     |       |     1 |     4 ||     5
       Sticky Flame      |       |     3 |     5 ||     8
Evoke: Wand              |       |       |     3 ||     3
  Use: Scroll            |       |     3 |       ||     3
 Stab: Sleeping          |     2 |    12 |     1 ||    15
  Eat: Chunk             |     4 |     8 |     6 ||    18
Armor: Skin              |     3 |       |     3 ||     6
Dodge: Dodged            |    34 |    38 |    43 ||   115
Block: Other             |       |     3 |     2 ||     5

Table legend:
 A = Non-vault XP
 B = Vault XP
 C = Vault XP percentage of total XP
 D = Non-vault monster count
 E = Vault monster count
 F = Vault count percentage of total count
                 A         B        C        D         E       F
            +---------+---------+-------+---------+---------+-------
      Total |     935 |     316 |  25.3 |      99 |       8 |   7.5
            +---------+---------+-------+---------+---------+-------
        D:1 |      43 |       0 |   0.0 |      24 |       0 |   0.0
        D:2 |      87 |       0 |   0.0 |      22 |       0 |   0.0
        D:3 |     222 |     280 |  55.8 |      23 |       7 |  23.3
        D:4 |     159 |      36 |  18.5 |      16 |       1 |   5.9
        D:5 |     114 |       0 |   0.0 |       7 |       0 |   0.0
        D:7 |     139 |       0 |   0.0 |       5 |       0 |   0.0
        D:8 |     171 |       0 |   0.0 |       2 |       0 |   0.0
            +---------+---------+-------+---------+---------+-------
